[Event "ICC Open 2015"]
[Site "Internet Chess Club"]
[Date "2015.05.29"]
[Round "6"]
[White "A4-H5"]
[Black "nadalthegreat"]
[Result "1-0"]
[ICCResult "Black resigns"]
[WhiteElo "1804"]
[BlackElo "1548"]
[Opening "KGA: Muzio gambit"]
[ECO "C37"]
[NIC "KG.01"]
[Time "15:01:43"]
[TimeControl "180+0"]

1. e4 e5 2. f4 exf4 3. Nf3 g5 4. Bc4 g4 5. O-O gxf3 6. Qxf3 Nf6 7. Nc3 d6 8.
d4 Rg8 9. Bxf4 Bg4 10. Qe3 Be7 11. e5 dxe5 12. Bxe5 Kf8 13. Qh6+ Rg7 14.
Rxf6 Bh3 15. Rxf7+ Ke8 16. Rxg7 {Black resigns} 1-0

[Event "ICC Open 2015"]
[Site "Internet Chess Club"]
[Date "2015.05.29"]
[Round "6"]
[White "nitishdas"]
[Black "bennywins"]
[Result "1-0"]
[ICCResult "Black checkmated"]
[WhiteElo "1789"]
[BlackElo "1166"]
[Opening "Caro-Kann: Rasa-Studier gambit"]
[ECO "B15"]
[NIC "CK.05"]
[Time "15:02:34"]
[TimeControl "180+0"]

1. e4 c6 2. Nc3 d5 3. d4 dxe4 4. f3 exf3 5. Nxf3 e6 6. Bd3 Bb4 7. Bf4 Nf6 8.
O-O O-O 9. Ne4 Nxe4 10. Bxe4 Bd6 11. Bxh7+ Kxh7 12. Ng5+ Kg8 13. Qh5 Re8 14.
Qxf7+ Kh8 15. Qh5+ Kg8 16. Qh7+ Kf8 17. Bxd6# {Black checkmated} 1-0

[Event "ICC Open 2015"]
[Site "Internet Chess Club"]
[Date "2015.05.29"]
[Round "6"]
[White "Piranha"]
[Black "jps7"]
[Result "1-0"]
[ICCResult "Black checkmated"]
[WhiteElo "1842"]
[BlackElo "1619"]
[Opening "French: Winawer (Nimzovich) variation"]
[ECO "C15"]
[NIC "FR.08"]
[Time "15:01:10"]
[TimeControl "180+0"]

1. e4 e6 2. d4 d5 3. Nc3 Bb4 4. exd5 exd5 5. Qf3 Bxc3+ 6. Qxc3 c6 7. Bd3 Nf6
8. Ne2 O-O 9. f3 Be6 10. Bg5 Nbd7 11. O-O-O h6 12. Bh4 Qb6 13. g4 c5 14. g5
hxg5 15. Bxg5 c4 16. Nf4 cxd3 17. Nxd3 Rac8 18. Qd2 Qxd4 19. c3 Qa4 20. Kb1
Qb5 21. Rhg1 Bf5 22. Qe3 Rxc3 23. Bxf6 Rxd3 24. Rxg7+ Kh8 25. Qh6+ Bh7 26.
Qxh7# {Black checkmated} 1-0

[Event "ICC Open 2015"]
[Site "Internet Chess Club"]
[Date "2015.05.29"]
[Round "6"]
[White "IlValentino"]
[Black "Pkopsa"]
[Result "0-1"]
[ICCResult "White resigns"]
[WhiteElo "1404"]
[BlackElo "1601"]
[Opening "QGD: semi-Slav"]
[ECO "D31"]
[NIC "SL.06"]
[Time "15:01:12"]
[TimeControl "180+0"]

1. d4 d5 2. c4 e6 3. Nc3 c6 4. e3 Bd6 5. Nf3 f5 6. cxd5 exd5 7. g3 Nf6 8.
Bg2 O-O 9. O-O Nbd7 10. a3 a5 11. Bd2 Qe7 12. Re1 Ne4 13. h4 Ndf6 14. Rc1
Ng4 15. Nxe4 fxe4 16. Bh3 exf3 17. Bxg4 Bxg4 18. e4 Bxg3 19. exd5 Qxh4
{White resigns}
0-1

[Event "ICC Open 2015"]
[Site "Internet Chess Club"]
[Date "2015.05.29"]
[Round "6"]
[White "Dictator"]
[Black "BlitzorDDD"]
[Result "0-1"]
[ICCResult "White resigns"]
[WhiteElo "2605"]
[BlackElo "3200"]
[Opening "Benkö gambit: main line"]
[ECO "A58"]
[NIC "BI.41"]
[Time "15:01:52"]
[TimeControl "180+0"]

1. d4 Nf6 2. c4 c5 3. d5 b5 4. cxb5 a6 5. bxa6 g6 6. Nc3 Bxa6 7. e4 Bxf1 8.
Kxf1 d6 9. g3 Bg7 10. Kg2 O-O 11. Nf3 Nbd7 12. a4 Ra6 13. Qe2 Qa8 14. Ra3
Rc8 15. b3 Nb6 16. Nb5 c4 17. Nfd4 cxb3 18. Nc6 Nfxd5 19. Nbd4 Bxd4 20. exd5
Nxd5 {White resigns} 0-1

[Event "ICC Open 2015"]
[Site "Internet Chess Club"]
[Date "2015.05.29"]
[Round "6"]
[White "Womacka"]
[Black "chesstempo2"]
[Result "1-0"]
[ICCResult "Black resigns"]
[WhiteElo "2402"]
[BlackElo "2027"]
[Opening "French: Rubinstein variation"]
[ECO "C03"]
[NIC "FR.07"]
[Time "15:01:00"]
[TimeControl "180+0"]

1. e4 e6 2. d4 d5 3. Nd2 dxe4 4. Nxe4 Nd7 5. Nf3 Ngf6 6. Nxf6+ Nxf6 7. Be3
b6 8. Ne5 Bd7 9. Bd3 Bd6 10. O-O Nd5 11. Bd2 Bxe5 12. dxe5 c5 13. Qg4 g6 14.
Bg5 Qc7 15. c4 Nb4 16. Be4 Rc8 17. Bf6 Rg8 18. Rfd1 Bc6 19. Rd6 Bxe4 20.
Qxe4 Nc6 21. Rad1 Nd4 22. Qe3 Qb8 23. Qh6 Rf8 24. Qxh7 Rc6 25. R1xd4 cxd4
26. Rxc6 Qb7 27. Rd6 Qc7 28. Qg7 d3 29. Rxd3 {Black resigns} 1-0

[Event "ICC Open 2015"]
[Site "Internet Chess Club"]
[Date "2015.05.29"]
[Round "6"]
[White "geographywhiz"]
[Black "moonriver"]
[Result "1-0"]
[ICCResult "Black resigns"]
[WhiteElo "1962"]
[BlackElo "1453"]
[Opening "QGD Slav: 3.Nf3"]
[ECO "D11"]
[NIC "QP.08"]
[Time "15:02:11"]
[TimeControl "180+0"]

1. d4 d5 2. Nf3 c6 3. c4 Bg4 4. Nc3 e6 5. e3 Nd7 6. h3 Bh5 7. Be2 Ngf6 8.
O-O Bd6 9. cxd5 cxd5 10. Bd2 O-O 11. Rc1 Rc8 12. a3 Bb8 13. Ne5 a6 14. Bxh5
Nxe5 15. dxe5 Bxe5 16. Be2 g6 17. f4 Bb8 18. Bf3 Qe7 19. e4 Kg7 20. Qe2 Qd6
21. e5 Qc5+ 22. Be3 d4 23. exf6+ Kxf6 24. Ne4+ {Black resigns} 1-0

[Event "ICC Open 2015"]
[Site "Internet Chess Club"]
[Date "2015.05.29"]
[Round "6"]
[White "Galaad"]
[Black "NAS"]
[Result "0-1"]
[ICCResult "White resigns"]
[WhiteElo "2018"]
[BlackElo "1700"]
[Opening "King's Indian, 3.Nf3"]
[ECO "E68"]
[NIC "KI.63"]
[Time "15:01:51"]
[TimeControl "180+0"]

1. d4 Nf6 2. c4 g6 3. Nf3 Bg7 4. g3 d6 5. Bg2 O-O 6. O-O c6 7. Nc3 Nbd7 8.
e4 e5 9. dxe5 Nxe5 10. Nxe5 dxe5 11. Qc2 Be6 12. b3 Qc8 13. Ba3 Rd8 14. Rfd1
Rxd1+ 15. Rxd1 Bg4 16. f3 Be6 17. Qd2 Nd7 18. Qd6 Bf8 19. Qd3 Bxa3 20. Na4
Bf8 21. Qc2 b6 22. Nc3 Qc7 23. f4 exf4 24. e5 fxg3 25. hxg3 Qxe5 26. Ne4 Nf6
27. Nf2 Qxg3 28. Qe4 {White resigns} 0-1

[Event "ICC Open 2015"]
[Site "Internet Chess Club"]
[Date "2015.05.29"]
[Round "6"]
[White "triumphant1"]
[Black "Perseus"]
[Result "1-0"]
[ICCResult "Black resigns"]
[WhiteElo "2102"]
[BlackElo "2385"]
[Opening "Queen's pawn game"]
[ECO "A46"]
[NIC "QP.06"]
[Time "15:01:48"]
[TimeControl "180+0"]

1. d4 Nf6 2. Nf3 d6 3. Bf4 Nbd7 4. c3 b6 5. e3 Nh5 6. Bg3 Nxg3 7. hxg3 h6 8.
Bc4 Bb7 9. Qb3 e6 10. Nbd2 c5 11. Nh4 a6 12. Bxe6 fxe6 13. Ng6 Rh7 14. Qxe6+
Qe7 15. Nxe7 Bxe7 16. Qg6+ Kd8 17. Qxh7 Bf6 18. O-O-O Bxg2 19. Rhg1 Bc6 20.
Ne4 Nf8 21. Qf5 Bd7 22. Qd5 Rc8 23. Nxf6 gxf6 24. Qxd6 Ke8 25. dxc5 Rc6 26.
Qb8+ Ke7 27. Rxd7+ Nxd7 28. Qb7 Rxc5 29. Rd1 {Black resigns} 1-0

[Event "ICC Open 2015"]
[Site "Internet Chess Club"]
[Date "2015.05.29"]
[Round "6"]
[White "BennieHill"]
[Black "livis"]
[Result "0-1"]
[ICCResult "White resigns"]
[WhiteElo "1159"]
[BlackElo "1950"]
[Opening "French defense"]
[ECO "C00"]
[NIC "FR.01"]
[Time "15:01:29"]
[TimeControl "180+0"]

1. e4 e6 2. Nf3 d5 3. exd5 exd5 4. d4 Nf6 5. Nc3 Be7 6. Be3 O-O 7. Bd3 c6 8.
h3 Nbd7 9. O-O Re8 10. a3 Bf8 11. Ne2 Ne4 12. Ng3 Nxg3 13. fxg3 Rxe3 14. Re1
Rxe1+ 15. Qxe1 Nf6 16. Qf2 Ne4 17. Ne5 Nxf2 18. Kxf2 Qf6+ 19. Kg1 Be6 20.
Rf1 Qg5 21. Kh2 h5 22. Nf3 Qh6 23. Nh4 Bd6 24. Bf5 Bxg3+ 25. Kxg3 Qg5+ 26.
Kh2 Qxh4 27. Bxe6 fxe6 28. g3 Qxd4 29. Kg2 Qxb2 30. Rf2 Qxa3 31. Re2 Re8 32.
Re5 Qc3 33. Rxh5 Qxc2+ 34. Kf3 Rf8+ 35. Ke3 Qe4+ 36. Kd2 Rf2+ 37. Kd1 Qc2+
{White resigns}
0-1

[Event "ICC Open 2015"]
[Site "Internet Chess Club"]
[Date "2015.05.29"]
[Round "6"]
[White "Kseroks"]
[Black "Tut"]
[Result "1/2-1/2"]
[ICCResult "Game drawn by repetition"]
[WhiteElo "2793"]
[BlackElo "3195"]
[Opening "Grünfeld: exchange variation"]
[ECO "D85"]
[NIC "GI.03"]
[Time "15:01:23"]
[TimeControl "180+0"]

1. d4 Nf6 2. c4 g6 3. Nc3 d5 4. cxd5 Nxd5 5. Na4 e5 6. dxe5 Nc6 7. Nf3 Bb4+
8. Bd2 Qe7 9. a3 Bxd2+ 10. Qxd2 Nb6 11. Nxb6 axb6 12. Qf4 O-O 13. h4 Ra5 14.
h5 Nxe5 15. Nxe5 Qxe5 16. Qxe5 Rxe5 17. hxg6 hxg6 18. e3 Be6 19. Bd3 Rd8 20.
Ke2 Red5 21. Rhd1 Kg7 22. Be4 Rxd1 23. Rxd1 Rxd1 24. Kxd1 c6 25. Kd2 Kf6 26.
f4 Ke7 27. Kc3 Kd6 28. Kd4 b5 29. Bf3 f6 30. e4 g5 31. e5+ fxe5+ 32. fxe5+
Kd7 33. Kc5 Kc7 34. b4 Bc4 35. g3 Be6 36. Kd4 b6 37. Be4 Kd7 38. Bf3 Kc7 39.
Be4 Kd7 40. Bf3 Kc7 41. Be4 {Game drawn by repetition} 1/2-1/2

[Event "ICC Open 2015"]
[Site "Internet Chess Club"]
[Date "2015.05.29"]
[Round "6"]
[White "krankenstein"]
[Black "Kenana"]
[Result "0-1"]
[ICCResult "White resigns"]
[WhiteElo "1074"]
[BlackElo "1797"]
[Opening "Queen's pawn game"]
[ECO "D00"]
[NIC "QP.08"]
[Time "15:01:32"]
[TimeControl "180+0"]

1. d4 d5 2. h3 c6 3. Nf3 Nf6 4. Bf4 Nbd7 5. e3 e6 6. a3 Be7 7. Nc3 O-O 8.
Bd3 Re8 9. O-O Nf8 10. Ne5 Ng6 11. Bh2 c5 12. f4 c4 13. Be2 Nh4 14. Bg3 Nf5
15. Bh2 Nxe3 16. Qd2 Nxf1 17. Rxf1 Bd7 18. b3 b5 19. b4 a5 20. bxa5 Qxa5 21.
Ra1 b4 22. Nxd7 Nxd7 23. Nd1 Nf6 24. Bf3 b3 25. Qxa5 Rxa5 26. cxb3 cxb3 27.
Nb2 Rea8 28. a4 Bb4 29. Nd3 Rxa4 30. Rxa4 Rxa4 31. Nxb4 Rxb4 32. Kh1 b2
{White resigns}
0-1

[Event "ICC Open 2015"]
[Site "Internet Chess Club"]
[Date "2015.05.29"]
[Round "6"]
[White "kolding"]
[Black "NietzscheBac"]
[Result "1/2-1/2"]
[ICCResult "Game drawn by mutual agreement"]
[WhiteElo "1775"]
[BlackElo "1733"]
[Opening "Scotch: Potter variation"]
[ECO "C45"]
[NIC "SO.05"]
[Time "15:01:02"]
[TimeControl "180+0"]

1. e4 e5 2. Nf3 Nc6 3. d4 exd4 4. Nxd4 Bc5 5. Nb3 Bb6 6. Nc3 Qf6 7. Qf3 Qxf3
8. gxf3 Nge7 9. Bf4 d6 10. Bg3 Ng6 11. Bb5 Bd7 12. Nd5 O-O-O 13. O-O-O Nce5
14. Nxb6+ axb6 15. Be2 Be6 16. f4 Bxb3 17. axb3 Nd7 18. b4 Rde8 19. f3 f5
20. Bd3 fxe4 21. fxe4 Rhf8 22. Rhf1 Kb8 23. Kd2 Kc8 24. Rde1 Kb8 25. h4 h5
26. Re3 Nf6 27. e5 Ng4 28. Bxg6 Nxe3 29. Kxe3 Re6 30. f5 Re7 31. Kd4 dxe5+
32. Bxe5 Rd8+ 33. Ke4 Rd2 34. Rf3 {Game drawn by mutual agreement} 1/2-1/2

[Event "ICC Open 2015"]
[Site "Internet Chess Club"]
[Date "2015.05.29"]
[Round "6"]
[White "MBAStudent"]
[Black "Schurick"]
[Result "0-1"]
[ICCResult "White resigns"]
[WhiteElo "1769"]
[BlackElo "2280"]
[Opening "Sicilian: Grand Prix attack"]
[ECO "B23"]
[NIC "SI.44"]
[Time "15:02:48"]
[TimeControl "180+0"]

1. e4 c5 2. Nc3 Nc6 3. f4 g5 4. fxg5 Bg7 5. Bc4 e6 6. Nf3 Nge7 7. O-O a6 8.
a3 d5 9. exd5 exd5 10. Ba2 Be6 11. Qe2 Nd4 12. Nxd4 cxd4 13. Nd1 h6 14. d3
hxg5 15. Bxg5 Qd6 16. Bxe7 Qxh2+ 17. Kf2 Kxe7 18. Ke1 Rh5 19. Qf3 Re5+
{White resigns}
0-1

[Event "ICC Open 2015"]
[Site "Internet Chess Club"]
[Date "2015.05.29"]
[Round "6"]
[White "Volkov"]
[Black "Warhabid"]
[Result "1-0"]
[ICCResult "Black resigns"]
[WhiteElo "2975"]
[BlackElo "2311"]
[Opening "QGD Slav: 4.e3 Bf5"]
[ECO "D12"]
[NIC "SL.01"]
[Time "15:02:03"]
[TimeControl "180+0"]

1. d4 d5 2. c4 c6 3. Nf3 Nf6 4. e3 Bf5 5. Nc3 a6 6. Nh4 Bg4 7. Qb3 Ra7 8.
cxd5 cxd5 9. h3 Bh5 10. g4 Bg6 11. g5 Ne4 12. Nxg6 hxg6 13. Qxd5 Qxd5 14.
Nxd5 Nxg5 15. Bg2 Nc6 16. Bd2 e6 17. Nb6 Be7 18. Rc1 O-O 19. h4 Nh7 20. Bxc6
bxc6 21. Rxc6 Nf6 22. Nc8 Rb7 23. Nxe7+ Rxe7 24. Bb4 Rb8 25. Bxe7
{Black resigns}
1-0

[Event "ICC Open 2015"]
[Site "Internet Chess Club"]
[Date "2015.05.29"]
[Round "6"]
[White "hAutAjArvi"]
[Black "akibael"]
[Result "0-1"]
[ICCResult "White resigns"]
[WhiteElo "2029"]
[BlackElo "2443"]
[Opening "Sicilian: Labourdonnais-Löwenthal variation"]
[ECO "B32"]
[NIC "SI.32"]
[Time "15:02:25"]
[TimeControl "180+0"]

1. e4 c5 2. Nf3 Nc6 3. d4 cxd4 4. Nxd4 e5 5. Nb5 a6 6. Nd6+ Bxd6 7. Qxd6 Qe7
8. Qxe7+ Ngxe7 9. Nc3 Nb4 10. Bd3 d5 11. O-O Nxd3 12. cxd3 Be6 13. Bg5 f6
14. Bd2 O-O-O 15. Rfd1 Nc6 16. Ne2 Rd7 17. Kf1 Rhd8 18. Ke1 Kb8 19. f3 dxe4
20. dxe4 Bc4 21. Nc3 b5 22. b3 Be6 23. Be3 Nb4 24. Rxd7 Rxd7 25. Kf2 Nc2 26.
Rc1 Nb4 27. Bc5 Nd3+ {White resigns} 0-1

[Event "ICC Open 2015"]
[Site "Internet Chess Club"]
[Date "2015.05.29"]
[Round "6"]
[White "asithink"]
[Black "hawk12"]
[Result "1-0"]
[ICCResult "Black checkmated"]
[WhiteElo "2130"]
[BlackElo "1719"]
[Opening "Queen's pawn game, Darooha variation "]
[ECO "D02"]
[NIC "QP.06"]
[Time "15:01:20"]
[TimeControl "180+0"]

1. Nf3 Nf6 2. d4 d5 3. c4 e6 4. g3 c6 5. Nc3 dxc4 6. a4 Bb4 7. Bg2 a5 8. O-O
Nd5 9. Qc2 O-O 10. e4 Nf6 11. Rd1 Qe7 12. Ne5 Nbd7 13. Nxc4 b6 14. Bg5 h6
15. Bxf6 Nxf6 16. Nxb6 Bb7 17. Nxa8 Rxa8 18. e5 Nd5 19. Nxd5 exd5 20. Rac1
Qg5 21. f4 Qe7 22. Qe2 Rc8 23. b3 Ba3 24. Rc3 Bb4 25. Rc2 Ra8 26. f5 Ba6 27.
Qg4 Bc8 28. Rxc6 Bd7 29. Rc7 Qd8 30. Rdc1 g6 31. Bxd5 Bxf5 32. Bxf7+ Kh8 33.
Qf3 Rb8 34. g4 Bd7 35. e6 Be8 36. Bxe8 Qxe8 37. Qf6+ Kg8 38. Qg7#
{Black checkmated}
1-0

[Event "ICC Open 2015"]
[Site "Internet Chess Club"]
[Date "2015.05.29"]
[Round "6"]
[White "HappyEnding"]
[Black "TedBelanoff"]
[Result "1-0"]
[ICCResult "Black resigns"]
[WhiteElo "2272"]
[BlackElo "1961"]
[Opening "KGD: classical variation"]
[ECO "C30"]
[NIC "KG.05"]
[Time "15:02:27"]
[TimeControl "180+0"]

1. e4 e5 2. f4 Bc5 3. Nf3 d6 4. Nc3 Nc6 5. Bb5 Bg4 6. Na4 Bb6 7. Nxb6 axb6
8. O-O Nf6 9. d3 Qe7 10. c3 h5 11. h3 Bd7 12. f5 d5 13. Bxc6 bxc6 14. Qe2
dxe4 15. dxe4 O-O-O 16. Bg5 Qc5+ 17. Kh1 Rdg8 18. a4 Qa5 19. b4 Qa8 20. a5
b5 21. Nxe5 Be8 22. a6 Nd7 23. Nxd7 Bxd7 24. a7 Re8 25. Qd3 c5 26. bxc5 Bc6
27. Rfe1 f6 28. Bf4 Bxe4 29. Rxe4 Rxe4 30. Qxe4 Qxe4 31. a8=Q+ {Black
resigns} 1-0

[Event "ICC Open 2015"]
[Site "Internet Chess Club"]
[Date "2015.05.29"]
[Round "6"]
[White "BlueGreen"]
[Black "yaguaro"]
[Result "1-0"]
[ICCResult "Black resigns"]
[WhiteElo "2684"]
[BlackElo "2137"]
[Opening "Alekhine's defense: exchange variation"]
[ECO "B03"]
[NIC "AL.08"]
[Time "15:01:46"]
[TimeControl "180+0"]

1. e4 Nf6 2. e5 Nd5 3. d4 Nb6 4. c4 d6 5. exd6 exd6 6. Nc3 Bf5 7. Nf3 Be7 8.
Bd3 Bxd3 9. Qxd3 Nc6 10. O-O O-O 11. Re1 Nb4 12. Qd1 Nxc4 13. Qb3 Nd3 14.
Rd1 Nxc1 15. Qxc4 d5 16. Nxd5 Bg5 17. Nxg5 Qxg5 18. Raxc1 c6 19. Ne3 Rad8
20. d5 cxd5 21. Rxd5 Rxd5 22. Qxd5 Qf4 23. Qxb7 Qa4 24. Rc8 g6 25. Rxf8+
Kxf8 26. Qc8+ Kg7 27. Qc3+ Kg8 28. a3 h5 29. h3 a5 30. b3 Qxa3 31. Nd5 a4
32. Nf6+ Kf8 33. Nd7+ Ke7 34. Nc5 axb3 35. Nxb3 Qa2 36. Qb4+ Kf6 37. Nd4
Qa1+ 38. Kh2 Qa2 39. Qc3 Ke7 40. Nc6+ Kd6 41. Qf6+ Kc7 42. Ne5 Qe6 43. Qxf7+
Qxf7 44. Nxf7 Kd7 45. Ne5+ {Black resigns} 1-0

[Event "ICC Open 2015"]
[Site "Internet Chess Club"]
[Date "2015.05.29"]
[Round "6"]
[White "mvillalba"]
[Black "Glamurius"]
[Result "0-1"]
[ICCResult "White resigns"]
[WhiteElo "2168"]
[BlackElo "2973"]
[Opening "Caro-Kann: Bronstein-Larsen variation"]
[ECO "B16"]
[NIC "CK.07"]
[Time "15:01:24"]
[TimeControl "180+0"]

1. e4 c6 2. d4 d5 3. Nd2 dxe4 4. Nxe4 Nf6 5. Nxf6+ gxf6 6. g3 h5 7. Nf3 Bg4
8. h3 Bf5 9. Bg2 Nd7 10. O-O Nb6 11. b3 Qd7 12. Kh2 e6 13. c4 O-O-O 14. Be3
Qc7 15. Kg1 Nd7 16. Qe1 Bd6 17. a4 Be4 18. a5 Bxf3 19. Bxf3 h4 20. g4 a6 21.
b4 f5 22. gxf5 exf5 23. b5 Nf6 24. bxc6 bxc6 25. c5 Bf4 26. Qe2 Bxe3 27.
Qxa6+ Kd7 28. fxe3 Rhg8+ 29. Kh1 Rg3 30. Bg2 Rxg2 31. Kxg2 Rg8+ 32. Kh1 Rg3
33. Rf2 Rxh3+ 34. Kg1 Qg3+ 35. Kf1 Rh1+ 36. Ke2 Qg4+ 37. Kd3 Qe4+ 38. Kd2
Rxa1 39. Qb7+ Ke6 40. Qc8+ Ke7 41. Qxf5 Ra2+ 42. Kc3 Qxe3+ 43. Kb4 Rxf2 44.
Qe5+ Qxe5 {White resigns} 0-1

[Event "ICC Open 2015"]
[Site "Internet Chess Club"]
[Date "2015.05.29"]
[Round "6"]
[White "Prof-chess"]
[Black "plagis"]
[Result "1-0"]
[ICCResult "Black checkmated"]
[WhiteElo "2832"]
[BlackElo "2085"]
[Opening "Ruy Lopez: open, classical defense"]
[ECO "C83"]
[NIC "RL.29"]
[Time "15:01:20"]
[TimeControl "180+0"]

1. e4 e5 2. Nf3 Nc6 3. Bb5 a6 4. Ba4 Nf6 5. O-O b5 6. Bb3 Nxe4 7. d4 d5 8.
dxe5 Be6 9. c3 Be7 10. Be3 f5 11. exf6 Bxf6 12. Nbd2 Nxd2 13. Qxd2 O-O 14.
Rad1 Ne7 15. Bc5 c6 16. Rde1 Qd7 17. Ne5 Qc8 18. Bxe7 Bxe7 19. Nxc6 Qxc6 20.
Rxe6 Qxe6 21. Bxd5 Qxd5 22. Qxd5+ Kh8 23. g3 Bf6 24. Kg2 Rfd8 25. Qf3 Rac8
26. Rd1 Re8 27. Rd6 a5 28. Rxf6 gxf6 29. Qxf6+ Kg8 30. Qg5+ Kh8 31. Qxb5 Ra8
32. h4 a4 33. Qb4 Red8 34. c4 Kg7 35. Qe7+ Kg6 36. g4 Re8 37. h5+ Kh6 38.
Qf6# {Black checkmated} 1-0

[Event "ICC Open 2015"]
[Site "Internet Chess Club"]
[Date "2015.05.29"]
[Round "6"]
[White "RedCard"]
[Black "PuRe"]
[Result "1-0"]
[ICCResult "Black resigns"]
[WhiteElo "2215"]
[BlackElo "1830"]
[Opening "Dutch defense, Rubinstein variation"]
[ECO "A84"]
[NIC "HD.10"]
[Time "15:01:45"]
[TimeControl "180+0"]

1. d4 f5 2. c4 e6 3. Nc3 Nf6 4. Nf3 Bb4 5. Bf4 Bxc3+ 6. bxc3 b6 7. e3 Bb7 8.
Bd3 O-O 9. O-O Ne4 10. Qc2 Rf6 11. Ng5 d5 12. f3 Nd6 13. cxd5 Bxd5 14. c4
Bb7 15. Nxh7 Kxh7 16. Bg5 Nf7 17. Bxf6 Qxf6 18. e4 Qxd4+ 19. Kh1 Ne5 20.
Rad1 Nxd3 21. Rxd3 Qc5 22. exf5 Qxf5 23. Qd2 Nc6 24. Rd7 Ne5 25. Rxc7 Bc6
26. Qe3 Rf8 27. f4 Nxc4 28. Qg3 Bxg2+ 29. Qxg2 {Black resigns} 1-0

[Event "ICC Open 2015"]
[Site "Internet Chess Club"]
[Date "2015.05.29"]
[Round "6"]
[White "reydelmambo"]
[Black "holderlin"]
[Result "1-0"]
[ICCResult "Black forfeits on time"]
[WhiteElo "1965"]
[BlackElo "1620"]
[Opening "Old Indian defense"]
[ECO "A42"]
[NIC "OI.07"]
[Time "15:01:02"]
[TimeControl "180+0"]

1. d4 d6 2. c4 Nd7 3. Nf3 h6 4. g3 c5 5. Bg2 cxd4 6. Nxd4 Ngf6 7. O-O a6 8.
Nc3 g6 9. e4 Bg7 10. Be3 Rb8 11. f4 O-O 12. Qd2 e5 13. Nc2 Ng4 14. Qxd6 Nxe3
15. Nxe3 exf4 16. gxf4 Qb6 17. Qxb6 Nxb6 18. e5 Be6 19. b3 f6 20. Ncd5 fxe5
21. Nxb6 exf4 22. Ned5 Bd4+ 23. Kh1 f3 24. Bxf3 Bxa1 25. Kg2 Bd4 26. Re1
Bh3+ 27. Kxh3 Rxf3+ 28. Kg4 Rbf8 29. Nd7 h5+ 30. Kg5 Kg7 31. Re7+ R8f7 32.
Rxf7+ Rxf7 33. Nb8 Bf2 34. Ne3 Bxe3+ 35. Kh4 Bf2+ 36. Kh3 g5 37. Kg2 g4 38.
Nd7 h4 39. Ne5 Rf5 40. Nxg4 h3+ 41. Kxh3 Rf4 42. Nxf2 Rxf2 43. Kg3 Rxa2 44.
h4 Ra3 45. h5 Rxb3+ 46. Kf4 Rb4 47. Kg5 Rxc4 48. h6+ {Black forfeits on
time} 1-0

[Event "ICC Open 2015"]
[Site "Internet Chess Club"]
[Date "2015.05.29"]
[Round "6"]
[White "garompon"]
[Black "magnuswizard"]
[Result "1-0"]
[ICCResult "Black forfeits on time"]
[WhiteElo "2539"]
[BlackElo "2053"]
[Opening "French: Rubinstein variation"]
[ECO "C03"]
[NIC "FR.07"]
[Time "15:00:59"]
[TimeControl "180+0"]

1. e4 e6 2. d4 d5 3. Nd2 dxe4 4. Nxe4 Nd7 5. Nf3 Ngf6 6. Nxf6+ Nxf6 7. c3
Be7 8. Bd3 O-O 9. Bg5 h6 10. h4 c5 11. dxc5 Bxc5 12. Qe2 Bxf2+ 13. Kxf2 Ng4+
14. Kg3 hxg5 15. Kxg4 f5+ 16. Kg3 g4 17. Ne5 f4+ 18. Kxg4 Qf6 19. Qe4 Qh6
20. Qg6 Rf6 21. Qe8+ Rf8 22. Qg6 Rf6 23. Qxh6 Rxh6 24. Kxf4 b6 25. Be4 Rb8
26. Rad1 Bb7 27. Bxb7 Rxb7 28. Rd8+ Kh7 29. h5 Rf6+ 30. Ke4 Rc7 31. Ng6 Rxg6
32. hxg6+ Kxg6 33. Rd4 Rc5 34. Rhd1 e5 35. Rd6+ Kg5 36. R6d5 Rc4+ 37. Ke3
Rc5 38. Rxc5 bxc5 39. Rd5 Kf5 40. Rxc5 g6 41. Ra5 {Black forfeits on time}
1-0

[Event "ICC Open 2015"]
[Site "Internet Chess Club"]
[Date "2015.05.29"]
[Round "6"]
[White "Romanson-zucker"]
[Black "Ancient"]
[Result "0-1"]
[ICCResult "White checkmated"]
[WhiteElo "1930"]
[BlackElo "1852"]
[Opening "QGD: exchange, positional line"]
[ECO "D35"]
[NIC "QO.17"]
[Time "15:01:18"]
[TimeControl "180+0"]

1. d4 e6 2. c4 d5 3. cxd5 exd5 4. Nc3 Nf6 5. Bg5 Be7 6. Nf3 Nbd7 7. e3 O-O
8. Bd3 Re8 9. O-O c6 10. Rb1 Nf8 11. b4 a6 12. a4 Ng6 13. b5 axb5 14. axb5
Bd6 15. bxc6 bxc6 16. Qc2 h6 17. Bxf6 Qxf6 18. Na4 Bg4 19. Nd2 Nh4 20. g3
Nf3+ 21. Nxf3 Qxf3 22. Rfe1 Bh3 23. Bf1 Bf5 24. Qxc6 Be4 25. Be2 Qg2#
{White checkmated}
0-1

[Event "ICC Open 2015"]
[Site "Internet Chess Club"]
[Date "2015.05.29"]
[Round "6"]
[White "Baltimora"]
[Black "PADILLON2189"]
[Result "1-0"]
[ICCResult "Black forfeits on time"]
[WhiteElo "2358"]
[BlackElo "1987"]
[Opening "Queen's Indian: old main line, 6.O-O"]
[ECO "E17"]
[NIC "QI.08"]
[Time "15:01:12"]
[TimeControl "180+0"]

1. d4 Nf6 2. c4 e6 3. Nf3 b6 4. g3 Bb7 5. Bg2 Be7 6. O-O O-O 7. d5 exd5 8.
Nh4 c6 9. cxd5 Nxd5 10. Nf5 Nc7 11. e4 d5 12. Nc3 Bf6 13. exd5 Bxc3 14. dxc6
Bxc6 15. Qxd8 Rxd8 16. Ne7+ Kf8 17. Nxc6 Nxc6 18. Bxc6 Bf6 19. Bxa8 Rxa8 20.
Rb1 Nd5 21. Bd2 a5 22. Rfd1 Rc8 23. Rbc1 Re8 24. Kf1 Bxb2 25. Rc6 Re6 26.
Rxe6 fxe6 27. Ke2 Ke7 28. Kd3 Kd6 29. Rb1 Bf6 30. Be3 Kc6 31. a3 b5 32. Bd4
e5 33. Be3 b4 34. axb4 Nxb4+ 35. Ke4 Kb5 36. g4 h6 37. Kf5 Kc4 38. Bxh6 a4
39. Bd2 Nc2 40. g5 Be7 41. Bc1 a3 42. Bxa3 Nxa3 43. Rc1+ Kd5 44. Rd1+ Kc6
45. h4 Nc4 46. h5 Bc5 47. Rc1 Kd5 48. h6 {Black forfeits on time} 1-0

[Event "ICC Open 2015"]
[Site "Internet Chess Club"]
[Date "2015.05.29"]
[Round "6"]
[White "Mercury"]
[Black "playformaximum"]
[Result "0-1"]
[ICCResult "White forfeits on time"]
[WhiteElo "2457"]
[BlackElo "3013"]
[Opening "French: Tarrasch, open variation"]
[ECO "C07"]
[NIC "FR.18"]
[Time "15:01:05"]
[TimeControl "180+0"]

1. e4 e6 2. d4 d5 3. Nd2 c5 4. Ngf3 cxd4 5. Nxd4 Nc6 6. Bb5 Bd7 7. Nxc6 bxc6
8. Bd3 Qc7 9. c4 Nf6 10. Qe2 dxe4 11. Nxe4 Nxe4 12. Qxe4 Bb4+ 13. Kf1 Rb8
14. h4 Bd6 15. h5 h6 16. b3 Be5 17. Rb1 c5 18. Bb2 Bxb2 19. Rxb2 Bc6 20. Qe3
Qd6 21. Rd2 Rd8 22. Rh3 Qd4 23. Rg3 Qxe3 24. Rxe3 Rd4 25. g3 Ke7 26. Rc2
Rhd8 27. Rc3 Kf6 28. f4 a5 29. Kf2 Ra8 30. a3 Rb8 31. Bc2 Rb7 32. Re5 Rd2+
33. Ke3 Rg2 34. Rxc5 Rxg3+ 35. Kd2 Rxc3 36. Kxc3 Bf3 37. Rxa5 g6 38. hxg6
fxg6 39. Re5 h5 40. a4 h4 41. Re3 Bg2 42. Be4 Bxe4 43. Rxe4 Kf5 44. Re2 h3
45. a5 Kxf4 46. b4 g5 47. a6 Ra7 48. b5 g4 49. Rxe6 h2 {White forfeits on
time} 0-1